Map: King Sejong Station LE

Players

Fropez

  • Race: Protoss Protoss
  • League: Gold
  • Spawn Location: 11:00

Therapist - Winner!

  • Race: Protoss Protoss
  • League: Silver
  • Spawn Location: 5:00

VOD

Have the link to the VOD?

Description

Time

  • Played on: Sept. 22, 2016, 4:49 p.m.
  • Length: 2:45
Show
View Real Time Build Order
Export as new Build Order

Fropez Protoss 

Build Orders:  

Get SALT Encoding   

  12  0:01  Probe (Chrono Boost)  
  13  0:11  Probe (Chrono Boost)  
  14  0:17  Pylon  
  14  0:23  Probe (Chrono Boost)  
  15  0:36  Probe (Chrono Boost)  
  15  0:38  Gateway  
  16  0:48  Probe (Chrono Boost)  
  17  0:59  Probe (Chrono Boost)  
  18  1:21  Pylon  
  18  1:23  Pylon  
  18  1:26  Probe (Chrono Boost), Assimilator  
  18  1:31  Assimilator  
  19  1:35  Cybernetics Core  
  19  1:36  Probe (Chrono Boost)  
  19  1:38  Forge  
  20  1:46  Pylon  
  20  1:51  Pylon  
  20  2:17  Pylon, Probe (Chrono Boost)  
Show
View Real Time Build Order
Export as new Build Order

Therapist Protoss - Winner!

Build Orders:  

Get SALT Encoding   

  12  0:01  Probe (Chrono Boost)  
  13  0:18  Probe (Chrono Boost)  
  13  0:19  Pylon  
  14  0:29  Probe (Chrono Boost)  
  14  0:30  Assimilator  
  15  0:39  Probe (Chrono Boost)  
  16  0:46  Forge  
  16  0:57  Pylon  
  16  1:01  Probe (Chrono Boost)  
  17  1:10  Gateway  
  17  1:13  Probe (Chrono Boost)  
  18  1:27  Photon Cannon  
  18  1:35  Pylon  
  18  1:43  Probe (Chrono Boost)  
  19  1:57  Photon Cannon  
  19  2:04  Photon Cannon  
  19  2:13  Photon Cannon  
  19  2:26  Pylon  
  19  2:29  Probe (Chrono Boost)  
  20  2:39  Cybernetics Core  
Tags
 
Matchup
PvP
Replay Pack
All Mines
Spawn Locations
Cross Positions
Add a new tag
Caveats
  • Supply blocks, unpowered buildings, or Contaminate may cause inaccurate times.
  • Supply counts are checked every 10 seconds.